 Dungeon Crawl Stone Soup version 0.31-a0-1591-g515db51633 (webtiles) character file.

Game seed: 6725293976809932514

160 BigPumpCobain the Chopper (level 5, -4/47 HPs)
             Began as a Minotaur Berserker on Jan 7, 2024.
             Was a Believer of Trog.
             Slain by a gnoll
             ... wielding a +0 halberd
              (8 damage)
             ... on level 3 of the Dungeon.
             The game lasted 00:02:57 (1804 turns).

BigPumpCobain the Chopper (Minotaur Berserker)      Turns: 1804, Time: 00:02:58

Health: -4/47      AC: 11    Str: 23    XL:     5   Next: 17%
Magic:  4/4        EV:  6    Int:  4    God:    Trog [**....]
Gold:   161        SH:  4    Dex: 10    Spells: 4/4 levels left

rFire   . . .        i - +0 hand axe (elec)
rCold   . . .        f - +0 buckler
rNeg    . . .        l - +0 plate armour
rPois   .            (helmet restricted)
rElec   .            (no cloak)
rCorr   .            (no gloves)
SInv    .            (no boots)
Will    ++...        (no amulet) Stlth
                     (no ring)
HPRegen 1.27/turn    (no ring)
MPRegen 0.09/turn

%: no passive effects
@: strong-willed, regenerating
A: horns 2, retaliatory headbutt
a: Renounce Religion, Berserk, Trog's Hand


You were on level 3 of the Dungeon.
You worshipped Trog.
Trog was pleased with you.
You visited 1 branch of the dungeon, and saw 3 of its levels.

You collected 161 gold pieces.

Inventory:

Hand Weapons
 a - a +0 hand axe
 i - a +0 hand axe of electrocution (weapon)
Armour
 f - a +0 buckler (worn)
 l - a +0 plate armour (worn)
Wands
 m - a wand of acid (6)
 n - a wand of charming (10)
Scrolls
 e - a scroll of butterflies {unknown}
 g - a scroll of poison {unknown}
 j - 3 scrolls of identify {unknown}
 o - a scroll of fog {unknown}
 p - a scroll of fear {unknown}
 q - a scroll of teleportation {unknown}
Potions
 b - a potion of brilliance {unknown}
 c - 3 potions of lignification {unknown}
 d - a potion of attraction {unknown}
 h - a potion of enlightenment {unknown}
 k - a potion of curing {unknown}


   Skills:
 + Level 4.5 Fighting
 * Level 5.3 Axes
 + Level 3.6 Armour
 - Level 2.1 Dodging
 + Level 2.3 Shields


You had 4 spell levels left.
You didn't know any spells.
Your spell library was empty.

Dungeon Overview and Level Annotations

Branches:
Dungeon (3/15)

Altars:


Innate Abilities, Weirdness & Mutations

You have a pair of horns on your head.
You reflexively headbutt those who attack you in melee.


Message History

The gnoll is almost dead.
You closely miss the gnoll. The gnoll hits you with a +0 club.
You block the gnoll's attack. The gnoll hits you but does no damage.
You hit the gnoll but do no damage. Your headbutt misses the gnoll.
The gnoll is almost dead.
You hit the gnoll.
The gnoll hits you from afar with a +0 spear.
The gnoll hits you but does no damage. The gnoll hits you with a +0 club.
You slash the gnoll!
You kill the gnoll!
Trog accepts your kill.
You closely miss the gnoll. The gnoll hits you but does no damage.
The gnoll closely misses you.
The gnoll hits you from afar with a +0 halberd!
You are too injured to fight recklessly!
You are too injured to fight recklessly!
You are too injured to fight recklessly!
You are too injured to fight recklessly!
You are too injured to fight recklessly!
You are too injured to fight recklessly!
You are too injured to fight recklessly!
You are too injured to fight recklessly!
You are too injured to fight recklessly!
You are too injured to fight recklessly!
There are monsters nearby!
The gnoll hits you with a +0 club.
* * * LOW HITPOINT WARNING * * *
The gnoll barely misses you. The gnoll hits you with a +0 halberd.
* * * LOW HITPOINT WARNING * * *
Okay, then.
Your skin crawls.
You feel strong-willed. The gnoll hits you but does no damage.
The gnoll hits you with a +0 spear.
* * * LOW HITPOINT WARNING * * *
The gnoll barely misses you.
You hit the gnoll but do no damage. Your headbutt misses the gnoll.
The gnoll is severely wounded.
You closely miss the gnoll. You hit the gnoll.
The gnoll hits you but does no damage. The gnoll hits you with a +0 halberd!
You die...

######### ###
#.......# ###########
#.. #.......#
#.......[.. ######..
#.......# #..........
#.......
#.......####.).g......
#.......
#.............@g...#
#.....#.
#######.......g....#
#..†..##
#................#
#.....##
#......#######....#
#.....##
#.............##..#
#.......
#.............# ....
#.....##
#.............# ...
##......
#.............# ..
#.....#
#.............#
.........


You could see 3 gnolls.

Vanquished Creatures
  A jelly (D:3)
  5 gnolls
  2 adders (D:3)
  A ribbon worm (D:2)
  A dart slug (D:1)
  5 ball pythons
  3 bats
  4 endoplasms
  5 giant cockroaches
  6 hobgoblins
  2 jackals (D:1)
  5 kobolds
  3 quokkas
  A frilled lizard (D:1)
  7 goblins
  9 rats
60 creatures vanquished.

Notes
Turn   | Place    | Note
-------+----------+-------------------------------------------
     0 | D:1      | BigPumpCobain the Minotaur Berserker began the quest for
                  | the Orb.
     0 | D:1      | Reached XP level 1. HP: 19/19 MP: 0/0
    89 | D:1      | Reached XP level 2. HP: 23/27 MP: 1/1
   105 | D:1      | Reached skill level 4 in Axes
   156 | D:1      | Reached skill level 1 in Shields
   168 | D:1      | Reached ** piety under Trog
   279 | D:1      | Reached XP level 3. HP: 33/33 MP: 2/2
  1083 | D:2      | Reached XP level 4. HP: 26/40 MP: 3/3
  1557 | D:3      | Reached skill level 5 in Axes
  1769 | D:3      | Reached XP level 5. HP: 41/47 MP: 4/4
  1804 | D:3      | Slain by a gnoll

Illustrated notes

Levels and vault maps discovered:
D:1:      dpeg_arrival_round_a, layout_basic
D:2:      layout_basic, shapermc_ecumenical_altar_petra
D:3:      layout_basic

Skill      XL: |  1  2  3  4 |
---------------+-------------+-----
Axes           | 4 5 |  5.3
Shields        | 1 2 |  2.3
Fighting       | 4 |  4.5
Armour         | 3 |  3.6
Dodging        | |  2.1

Action                     |  1- 3 |  4- 6 || total
---------------------------+-------+-------++-------
  Melee: Hand axe          |    71 |    36 ||   107
         Headbutt          |     5 |     4 ||     9
 Invoke: Berserk           |       |     1 ||     1
         Trog's Hand       |       |     1 ||     1
 Armour: Animal skin       |    41 |     4 ||    45
         Plate armour      |       |    28 ||    28
  Dodge: Dodged            |    46 |    14 ||    60
  Block: Buckler           |     1 |     6 ||     7

Table legend: (Time is in decaauts)
 A = Elapsed time spent in this place.
 B = Non-inter-level travel time spent in this place.
 C = Inter-level travel time spent in this place.
 D = Time resting spent in this place.
 E = Time spent auto-exploring this place.
 F = Levels seen in this place.
 G = Mean time per level.
                   A        B        C        D        E       F      G
               +--------+--------+--------+--------+--------+-----+--------+
         Total |   1821 |   1757 |     64 |      1 |   1427 |   3 |  607.0 |
       Dungeon |   1821 |   1757 |     64 |      1 |   1427 |   3 |  607.0 |
               +--------+--------+--------+--------+--------+-----+--------+

Top non-repeatable levels by time:
     D:2: 829 daAuts
     D:1: 667 daAuts
     D:3: 324 daAuts
